[Event "Team 45 45 League T44"]
[Site "Internet Chess Club"]
[Date "2010.03.01"]
[Round "4"]
[White "PopolVuh"]
[Black "obientag"]
[Result "0-1"]
[WhiteElo "1884"]
[BlackElo "1770"]
[Opening "QGD Slav defense"]
[ECO "D10"]
[Time "14:38:11"]
[TimeControl "2700+45"]

1. c4 c6 2. d4 d5 3. Nc3 Nf6 4. Bg5 e6 5. e3 Be7 6. Nf3 dxc4 7. Bxc4 b5 8. Bd3
a6 9. O-O Bb7 10. a4 Nbd7 11. Rc1 Rc8 12. Qe2 O-O 13. Rfd1 h6 14. Bh4 Nd5 15.
Bg3 Nxc3 16. Rxc3 Qa5 17. axb5 cxb5 18. Rxc8 Rxc8 19. e4 Nf6 20. h3 Qa4 21. Re1
Qb4 22. Be5 Nd7 23. Bf4 Nb6 24. Ne5 Qxd4 25. Qh5 Rf8 26. Re3 Bg5 27. Nf3 g6 28.
Nxd4 gxh5 29. Rg3 h4 30. Rg4 Rd8 31. Bxg5 hxg5 32. e5 Kf8 33. Be2 Nc4 34. Bxc4
bxc4 35. Nc2 Rd1+ 36. Kh2 Rd2 37. Ne3 Rxb2 38. Nxc4 Rb4 39. Na5 Rxg4 40. hxg4
Bd5 41. g3 hxg3+ 42. Kxg3 Kg7 43. f4 gxf4+ 44. Kxf4 Kg6 {White resigns} 0-1

[Event "Team 45 45 League T44"]
[Site "Internet Chess Club"]
[Date "2010.02.28"]
[Round "4"]
[White "frothyjowels"]
[Black "TimM"]
[Result "1/2-1/2"]
[WhiteElo "2349"]
[BlackElo "2246"]
[Opening "Grünfeld: exchange variation"]
[ECO "D85"]
[Time "10:00:29"]
[TimeControl "2700+45"]

1. d4 Nf6 2. c4 g6 3. Nc3 d5 4. cxd5 Nxd5 5. e4 Nxc3 6. bxc3 Bg7 7. Be3 c5 8.
Rb1 O-O 9. Qd2 cxd4 10. cxd4 Nd7 11. Nf3 Nf6 12. Bd3 Ng4 13. O-O Nxe3 14. fxe3
e6 15. Rfc1 b6 16. a4 Bd7 17. Bb5 Rc8 18. e5 Bh6 19. Qd3 Rxc1+ 20. Rxc1 Bc8 21.
Rc3 Bb7 22. Qc2 Qa8 23. Be2 Rc8 24. Rxc8+ Qxc8 25. Qxc8+ Bxc8 26. Kf2 Bb7 27.
Bc4 Kf8 28. Ke2 Ke7 29. Kd3 Bxf3 30. gxf3 f5 31. Bb5 Bg5 32. h3 Bh4 33. f4 Bg3
34. Ke2 h6 35. Kf3 Be1 36. Ba6 Bd2 37. Bc8 Bc1 38. Ke2 {Game drawn by mutual
agreement} 1/2-1/2

[Event "Team 45 45 League T44"]
[Site "Internet Chess Club"]
[Date "2010.02.26"]
[Round "4"]
[White "ChatBanned"]
[Black "eurander"]
[Result "0-1"]
[WhiteElo "2273"]
[BlackElo "2213"]
[Opening "QGD semi-Slav: Meran, Wade variation"]
[ECO "D47"]
[Time "02:08:34"]
[TimeControl "2700+45"]

1. d4 d5 2. c4 c6 3. Nf3 Nf6 4. Nc3 e6 5. e3 Nbd7 6. Bd3 dxc4 7. Bxc4 b5 8. Bd3
Bb7 9. a3 Bd6 10. e4 e5 11. O-O O-O 12. Ne2 Qe7 13. Re1 Rfd8 14. Qc2 Rac8 15. b4
a5 16. Bd2 axb4 17. axb4 Ra8 18. Rab1 Ra4 19. Bc3 Rda8 20. dxe5 Nxe5 21. Bxe5
Bxe5 22. Nxe5 Qxe5 23. f4 Qe7 24. Nd4 Qd6 25. Ne2 Ra2 26. e5 Qd8 27. Rb2 Rxb2
28. Qxb2 Qxd3 29. exf6 Re8 30. Kf1 c5 31. bxc5 Qe4 32. Rb1 Qxg2+ 33. Ke1 Bf3 34.
Qxb5 Rxe2+ {White resigns} 0-1

[Event "Team 45 45 League T44"]
[Site "Internet Chess Club"]
[Date "2010.02.28"]
[Round "4"]
[White "frontier"]
[Black "Oops"]
[Result "0-1"]
[WhiteElo "1900"]
[BlackElo "2112"]
[Opening "QGD: semi-Slav, Abrahams variation"]
[ECO "D31"]
[Time "20:01:41"]
[TimeControl "2700+45"]

1. c4 e6 2. Nc3 d5 3. d4 c6 4. Nf3 dxc4 5. a4 Bb4 6. e3 b5 7. Bd2 a5 8. axb5
Bxc3 9. Bxc3 cxb5 10. b3 Bb7 11. bxc4 b4 12. Bb2 Nf6 13. Bd3 Nbd7 14. O-O O-O
15. Qc2 Qc7 16. e4 e5 17. Rfe1 Rfe8 18. c5 exd4 19. Bxd4 h6 20. Rac1 Bc6 21. Qb2
Qb7 22. Nd2 a4 23. Nc4 a3 24. Qa1 b3 25. Nxa3 Qb4 26. Bb2 Nxc5 27. Rc4 Qa5 28.
Bf1 Bxe4 29. f3 Bd3 30. Rxe8+ Rxe8 31. Bc3 Qb6 32. Rb4 Qe6 33. Bxf6 Qe1 34. Re4
Rxe4 35. fxe4 Qe3+ 36. Kh1 gxf6 37. Qxf6 Nxe4 38. Qf3 Nf2+ 39. Kg1 Nh3+ {White
resigns} 0-1

[Event "Team 45 45 League T44"]
[Site "Internet Chess Club"]
[Date "2010.03.01"]
[Round "4"]
[White "Reztap108"]
[Black "Freitac"]
[Result "0-1"]
[WhiteElo "2062"]
[BlackElo "2028"]
[Opening "QGD Slav: Steiner variation"]
[ECO "D16"]
[Time "17:20:10"]
[TimeControl "2700+45"]

1. d4 d5 2. Nf3 Nf6 3. c4 c6 4. Nc3 dxc4 5. a4 Bg4 6. Ne5 Bh5 7. f3 Nfd7 8. Nxc4
e5 9. Nxe5 Nxe5 10. dxe5 Nd7 11. Bf4 Qa5 12. Qb3 Bb4 13. e4 Nc5 14. Qc4 b5 15.
axb5 Qxa1+ 16. Kf2 Qxb2+ 17. Ne2 O-O 18. g4 {White resigns} 0-1

[Event "Team 45 45 League T44"]
[Site "Internet Chess Club"]
[Date "2010.02.26"]
[Round "4"]
[White "sandham"]
[Black "Positron"]
[Result "1-0"]
[WhiteElo "2098"]
[BlackElo "2172"]
[Opening "Sicilian: accelerated fianchetto, Maróczy bind, 6.Be3"]
[ECO "B38"]
[Time "22:00:08"]
[TimeControl "2700+45"]

1. e4 c5 2. Nf3 Nc6 3. d4 cxd4 4. Nxd4 g6 5. c4 Bg7 6. Be3 Nf6 7. Nc3 d6 8. Be2
O-O 9. O-O Bd7 10. Qd2 Rc8 11. h3 Qa5 12. Rfd1 Rfe8 13. Rac1 a6 14. Nb3 Qd8 15.
f4 Na5 16. e5 Nh5 17. Bxh5 Nxc4 18. Qf2 gxh5 19. Bd4 Bc6 20. Qe2 b5 21. e6 f6
22. Bf2 f5 23. Nd4 Rf8 24. b3 Na5 25. Qxh5 Be8 26. Qe2 Nc6 27. Nf3 Bh5 28. Nd5
Nd4 29. Qd3 Rxc1 30. Rxc1 Nxe6 31. Rc8 Qd7 32. Rxf8+ Nxf8 33. Qxf5 Bxf3 34. Qxd7
Nxd7 35. gxf3 Kf7 36. Ba7 Nc5 37. Bxc5 dxc5 38. Nc7 c4 39. bxc4 bxc4 40. Nxa6
Kf6 41. Kf2 Kf5 42. Nb4 Bd4+ 43. Ke2 e6 44. Nc2 Bc5 45. Ne3+ Kxf4 46. Nxc4 Kg3
47. Nd2 Kxh3 48. Ne4 Be7 49. a4 Bd8 50. Nc5 e5 51. Ne6 Bh4 52. a5 Kg2 53. Nc5
Bf2 54. Nd3 Bd4 55. a6 h5 56. Nxe5 h4 57. f4 h3 58. Nf3 Kg3 59. f5 Kg2 60. f6
Bxf6 61. a7 Be5 62. a8=Q Bg3 63. Qg8 h2 64. Nxh2 Kxh2 65. Kf3 Kh1 66. Kxg3
{Black resigns} 1-0

[Event "Team 45 45 League T44"]
[Site "Internet Chess Club"]
[Date "2010.02.28"]
[Round "4"]
[White "Zumbi"]
[Black "xakelari"]
[Result "0-1"]
[WhiteElo "2013"]
[BlackElo "2074"]
[Opening "Ruy Lopez: closed Berlin defense, Wolf variation"]
[ECO "C62"]
[Time "12:02:44"]
[TimeControl "2700+45"]

1. e4 e5 2. Nf3 Nc6 3. Bb5 d6 4. O-O Bd7 5. d4 Nf6 6. Nc3 exd4 7. Nxd4 Be7 8.
Re1 O-O 9. Bxc6 bxc6 10. Qd3 Re8 11. b3 Bf8 12. Bb2 c5 13. Nf3 Bc6 14. Rad1 h6
15. e5 Ng4 16. Nd5 dxe5 17. Qc4 Qc8 18. Nxe5 Nxe5 19. Bxe5 Bd6 20. Bxd6 Bxd5 21.
Qxd5 cxd6 22. Qxd6 Rd8 23. Qxd8+ Qxd8 24. Rxd8+ Rxd8 25. Kf1 Rd2 26. Rc1 c4 27.
Ke1 c3 28. a4 a5 29. g3 Kf8 30. h4 Ke7 31. h5 Ke6 32. Rd1 Rxc2 33. Rd3 Rc1+ 34.
Ke2 Rh1 35. Rxc3 Rxh5 36. Rc7 Rd5 37. Rb7 h5 38. Ke3 g5 39. Rb6+ Kf5 40. b4 axb4
41. Rxb4 Rd1 42. f3 Ra1 43. Rb5+ Kg6 44. a5 h4 45. gxh4 gxh4 46. Kf2 Ra2+ 47.
Kg1 f5 48. Kh1 Kg5 49. Kg1 Kf4 50. a6 Kg3 51. Kf1 h3 52. Rxf5 h2 53. Rh5 h1=Q+
54. Rxh1 Ra1+ 55. Ke2 Rxh1 56. Ke3 Ra1 57. Ke4 Rxa6 58. f4 Kg4 59. Ke5 Ra5+ 60.
Ke4 Rf5 {White resigns} 0-1

[Event "Team 45 45 League T44"]
[Site "Internet Chess Club"]
[Date "2010.02.28"]
[Round "4"]
[White "zeigmata"]
[Black "freestyle"]
[Result "1/2-1/2"]
[WhiteElo "2388"]
[BlackElo "2261"]
[Opening "Queen's Indian: Nimzovich variation (exaggerated fianchetto)"]
[ECO "E15"]
[Time "16:01:06"]
[TimeControl "2700+45"]

1. Nf3 Nf6 2. d4 e6 3. c4 b6 4. g3 Ba6 5. b3 d5 6. Bg2 dxc4 7. Ne5 Bb4+ 8. Kf1
Bd6 9. Nxc4 Nd5 10. e4 Ne7 11. Bb2 Nbc6 12. Kg1 O-O 13. Nbd2 f6 14. Nf3 Bxc4 15.
bxc4 e5 16. d5 Na5 17. Qe2 Nb7 18. Bh3 Qe8 19. Kg2 Nc5 20. Bc3 Qa4 21. Nd2 Qc2
22. Rhc1 Qd3 23. Qxd3 Nxd3 24. Rcb1 g6 25. Be6+ Kg7 26. Nb3 Rae8 27. Rd1 Nb4 28.
c5 bxc5 29. Rd2 Rb8 30. Na5 Rb5 31. Nc4 g5 32. h4 gxh4 33. f4 Ng6 34. f5 h3+ 35.
Kxh3 Nh8 36. Rb1 Nf7 37. Bxf7 Rxf7 38. Ba1 Rb8 39. Rdb2 Rff8 40. a3 Na6 41. Rb7
Kg8 42. Bc3 Rfc8 43. Na5 Ra8 44. Nc6 Kf8 45. g4 Ke8 46. g5 fxg5 47. Bxe5 Bxe5
48. Nxe5 c4 49. Nc6 Nc5 50. R7b4 h5 51. Rxc4 Nd3 52. e5 Kf7 53. Rb3 Nf4+ 54.
Rxf4 gxf4 55. Rf3 Rd8 56. Nxd8+ Rxd8 57. Rxf4 Rxd5 58. Re4 c5 59. Re3 c4 60. Kh4
Rc5 61. e6+ Ke8 62. Rf3 Kf8 63. f6 Re5 64. e7+ Kf7 65. Rf4 c3 66. Rc4 Kxf6 67.
Rxc3 Rxe7 68. Kxh5 Kf5 69. Rf3+ Ke4 70. Rb3 a5 71. Rb5 Re5+ 72. Rxe5+ Kxe5 73.
Kg4 Ke4 74. a4 Kd4 75. Kf4 Kc4 76. Ke4 Kb4 77. Kd3 Kxa4 78. Kc2 {Game drawn by
mutual agreement} 1/2-1/2

[Event "Team 45 45 League T44"]
[Site "Internet Chess Club"]
[Date "2010.02.27"]
[Round "4"]
[White "egyptiantiger"]
[Black "pentti63"]
[Result "1/2-1/2"]
[WhiteElo "2171"]
[BlackElo "2203"]
[Opening "Catalan: closed, 5.Nf3"]
[ECO "E06"]
[Time "10:04:33"]
[TimeControl "2700+45"]

1. d4 Nf6 2. c4 e6 3. Nf3 d5 4. g3 Be7 5. Bg2 O-O 6. O-O dxc4 7. Ne5 Nc6 8. Nxc6
bxc6 9. Bxc6 Rb8 10. Nc3 Qd6 11. Bg2 Rd8 12. Bf4 Qb6 13. Na4 Qa5 14. Rc1 Ba6 15.
b3 Nd5 16. Bd2 Bb4 17. Bxb4 Rxb4 18. Nc5 cxb3 19. axb3 Qb6 20. Qc2 Rxd4 21. Rfd1
Rxd1+ 22. Qxd1 Rd6 23. Nxa6 Qxa6 24. Qc2 h6 25. e4 Nb4 26. Qxc7 Qb6 {Game drawn
by mutual agreement} 1/2-1/2

[Event "Team 45 45 League T44"]
[Site "Internet Chess Club"]
[Date "2010.02.28"]
[Round "4"]
[White "NFork"]
[Black "Paulkov"]
[Result "1/2-1/2"]
[WhiteElo "2325"]
[BlackElo "2153"]
[Opening "KP: Nimzovich defense"]
[ECO "B00"]
[Time "15:59:02"]
[TimeControl "2700+45"]

1. e4 Nc6 2. Nf3 d6 3. d4 Nf6 4. Nc3 Bg4 5. Be3 e6 6. Be2 Be7 7. O-O O-O 8. Nd2
Bxe2 9. Qxe2 d5 10. e5 Nd7 11. f4 Nb4 12. Nb3 f5 13. exf6 Rxf6 14. Nd1 Qf8 15.
c3 Nc6 16. Nf2 Rg6 17. Bd2 Qf5 18. Rae1 Rf8 19. Kh1 h5 20. Nd1 Bd6 21. Bc1 Qg4
22. Qxg4 hxg4 23. g3 Ne7 24. Rf2 Nf5 25. Rfe2 Kf7 26. Ne3 Nxe3 27. Bxe3 Rh8 28.
Kg2 Nf6 29. Nd2 b5 30. Bg1 Nd7 31. Nf1 c6 32. Ne3 Nf6 33. Rf1 Ne4 34. f5 exf5
35. Nxf5 Ke6 36. Ne3 Rf8 37. Rfe1 Kd7 38. Rf1 Rxf1 39. Kxf1 a5 40. Kg2 a4 41. a3
Ke6 42. Re1 Kd7 43. Re2 Bc7 44. Kf1 Bd6 45. Kg2 {Game drawn by repetition}
1/2-1/2

[Event "Team 45 45 League T44"]
[Site "Internet Chess Club"]
[Date "2010.02.28"]
[Round "4"]
[White "Pason"]
[Black "pebble767"]
[Result "0-1"]
[WhiteElo "2120"]
[BlackElo "2094"]
[Opening "QGD Slav: Dutch variation, main line"]
[ECO "D19"]
[Time "14:06:40"]
[TimeControl "2700+45"]

1. d4 d5 2. Nf3 Nf6 3. c4 c6 4. Nc3 dxc4 5. a4 Bf5 6. e3 e6 7. Bxc4 Bb4 8. O-O
O-O 9. Qe2 Nbd7 10. e4 Bg6 11. e5 Nd5 12. Nxd5 cxd5 13. Bd3 Qb6 14. Bxg6 fxg6
15. Be3 Rf5 16. Rfc1 a6 17. Rc2 Raf8 18. Rac1 Nb8 19. Rc8 Be7 20. Rxf8+ Rxf8 21.
h3 Nc6 22. Qc2 Rf5 23. Qc3 h6 24. Qd2 g5 25. Kh1 Bb4 26. Qd3 Qa5 27. Qb3 Rf7 28.
Rc2 g6 29. Nh2 Kg7 30. Ng4 Qb6 31. Qd3 Be7 32. Rc1 Qb4 33. b3 Qa3 34. h4 h5 35.
Nf6 Bxf6 36. exf6+ Rxf6 37. Bxg5 Rxf2 38. Re1 Qd6 39. Qe3 Rf5 40. Qxe6 Qxe6 41.
Rxe6 Nxd4 42. Rb6 Rf7 43. Be3 Nf5 44. Bg5 d4 45. Re6 d3 46. Kh2 Rd7 47. Re1 Nd4
48. Rb1 Ne2 49. Bd2 Kf6 50. b4 Ke5 51. b5 Rd4 52. Kh3 Rxa4 53. bxa6 bxa6 54. Rb6
Rg4 55. Rxa6 Nf4+ 56. Bxf4+ Kxf4 57. Rd6 Ke3 {White resigns} 0-1

[Event "Team 45 45 League T44"]
[Site "Internet Chess Club"]
[Date "2010.03.01"]
[Round "4"]
[White "f5"]
[Black "easycure"]
[Result "1/2-1/2"]
[WhiteElo "2150"]
[BlackElo "2383"]
[Opening "Queen's Indian: old main line, 7.Nc3"]
[ECO "E18"]
[Time "15:05:37"]
[TimeControl "2700+45"]

1. d4 e6 2. Nf3 Nf6 3. g3 b6 4. Bg2 Bb7 5. O-O Be7 6. c4 O-O 7. Nc3 Ne4 8. Qc2
f5 9. d5 Nxc3 10. bxc3 Bf6 11. Nd4 c5 12. Nb5 d6 13. e4 a6 14. Na3 e5 15. exf5
Bc8 16. Be4 Ra7 17. Qd3 Raf7 18. Nc2 b5 19. Rb1 Bd7 20. Ne3 Bg5 21. Bd2 Bxe3 22.
fxe3 Qg5 23. f6 g6 24. Bg2 Rxf6 25. Rxf6 Qxf6 26. Rf1 Qe7 27. Rxf8+ Qxf8 28. e4
Qd8 29. Bh6 bxc4 30. Qxc4 Bb5 31. Qb3 c4 32. Qc2 Qb6+ 33. Qf2 Qxf2+ 34. Kxf2 Nd7
{Game drawn by mutual agreement} 1/2-1/2

[Event "Team 45 45 League T44"]
[Site "Internet Chess Club"]
[Date "2010.02.28"]
[Round "4"]
[White "Ser-Enigma"]
[Black "chiiwen"]
[Result "1/2-1/2"]
[WhiteElo "2122"]
[BlackElo "2161"]
[Opening "Sicilian defense"]
[ECO "B40"]
[Time "14:00:42"]
[TimeControl "2700+45"]

1. e4 c5 2. Nf3 e6 3. c3 Nf6 4. Qe2 b6 5. g3 Bb7 6. d3 d6 7. Bg2 Nbd7 8. O-O Be7
9. Re1 Rg8 10. a4 c4 11. d4 Bxe4 12. Qxc4 Rc8 13. Qe2 d5 14. Nbd2 Kf8 15. Nxe4
Nxe4 16. Nd2 Nd6 17. Qd3 g6 18. Nf1 Bg5 19. Ne3 h5 20. b3 Kg7 21. Bd2 Bf6 22.
Rac1 Nb8 23. c4 dxc4 24. bxc4 Nc6 25. Bc3 Re8 26. Red1 Nf5 27. Nxf5+ exf5 28.
Bxc6 Rxc6 29. d5 Rd6 30. Bb4 Rd7 31. c5 bxc5 32. Rxc5 Re4 33. Qb5 a6 34. Qa5
Qxa5 35. Bxa5 Rxa4 36. d6 Rd4 37. Rxd4 Bxd4 38. Rd5 Bb2 39. Rd3 Be5 40. Bc7 f4
41. Kg2 Kf6 42. Ra3 fxg3 43. hxg3 Bxd6 44. Rxa6 Rxc7 45. Rxd6+ Ke7 46. Rd4 Rc3
47. Re4+ Kf6 48. Rf4+ Kg7 49. Rb4 g5 50. Rb5 Kg6 51. Rb6+ f6 52. Ra6 Rc4 53. Ra5
h4 54. Rb5 hxg3 55. Kxg3 Rc1 56. Kg2 Rc3 57. f3 Rc2+ 58. Kg3 Ra2 59. Rb6 Re2 60.
Ra6 Kf5 61. Ra5+ Re5 62. Ra3 Rb5 63. Re3 Rb4 64. Ra3 Kg6 65. Ra6 Rd4 66. Rb6 Kf5
67. Rb5+ Ke6 68. Rb6+ Kf5 69. Rb5+ Kg6 70. Rb6 Rd7 71. Ra6 Re7 72. Rb6 Kg7 73.
Rb5 Re6 74. Ra5 Kg6 75. Ra8 f5 76. Rg8+ Kh5 77. Rh8+ Rh6 78. Rf8 f4+ 79. Kg2 Rh7
80. Ra8 Re7 81. Kf2 Rb7 82. Rh8+ Kg6 83. Rg8+ Kf6 84. Rf8+ Kg7 85. Rf5 Rb2+ 86.
Kg1 Kg6 87. Rf8 Ra2 88. Rg8+ Kf6 89. Rf8+ Kg7 90. Rf5 Kh6 91. Rf8 Kg6 92. Rg8+
Kf5 93. Rf8+ Ke5 94. Rg8 Kd4 95. Rxg5 Ke3 96. Rb5 Rd2 97. Rb8 Kxf3 98. Rb3+ Kg4
99. Kf1 Rd1+ 100. Kf2 Rh1 101. Kg2 Ra1 102. Kf2 Ra4 103. Kg2 Rc4 104. Ra3 Re4
105. Kf2 Rc4 106. Kg2 Rc2+ 107. Kf1 Rh2 108. Kg1 Re2 109. Kf1 Rd2 110. Rb3 {Game
drawn by mutual agreement} 1/2-1/2

[Event "Team 45 45 League T44"]
[Site "Internet Chess Club"]
[Date "2010.03.02"]
[Round "4"]
[White "perikitosax"]
[Black "jorobo"]
[Result "1/2-1/2"]
[WhiteElo "1928"]
[BlackElo "2148"]
[Opening "QGD: Tarrasch defense"]
[ECO "D32"]
[Time "13:22:54"]
[TimeControl "2700+45"]

1. d4 e6 2. c4 d5 3. Nf3 c5 4. cxd5 exd5 5. Nc3 Nc6 6. Bf4 Nf6 7. e3 Be7 8. Bb5
O-O 9. O-O Nh5 10. dxc5 Nxf4 11. exf4 d4 12. Ne4 Bf5 13. Bxc6 bxc6 14. Nd6 Bxd6
15. cxd6 c5 16. b4 Qxd6 17. bxc5 Qxc5 18. Qxd4 Qxd4 19. Nxd4 Bd3 20. Rfe1 Rfe8
21. Re3 Bc4 22. a3 Kf8 23. Rae1 a6 24. h3 Rac8 25. Rc1 Red8 26. Nf3 Bb5 27. Rxc8
Rxc8 28. Kh2 Rc4 29. Kg3 f6 30. Nd2 Rd4 31. Nf3 Rc4 32. Nd2 Rd4 33. Ne4 Kf7 34.
f5 Bd7 35. Kf4 Bc6 36. f3 Bb5 37. h4 Rc4 38. g4 h6 39. Rb3 Ke7 40. Ke3 Rc2 41.
Rc3 Rxc3+ 42. Nxc3 Kd6 43. Kd4 Bc6 44. Ne4+ Ke7 45. Kc5 Bb5 46. Nc3 Bf1 47. Nd5+
Kd7 48. Nf4 Ke7 49. Kd5 Bb5 50. Kd4 Bc6 51. Ke3 Bb5 52. Ne6 Kf7 53. f4 Bc4 54.
Nd4 Ke7 55. g5 Kd6 56. Ke4 Bd5+ 57. Kd3 fxg5 58. fxg5 hxg5 59. hxg5 Ke5 60. Kc3
Be4 61. f6 gxf6 62. gxf6 Kxf6 63. Kb4 Ke5 64. Kc5 Bd3 65. Nc6+ Ke6 66. a4 Bf1
67. a5 Kd7 68. Kb6 Kc8 69. Ka7 Kc7 70. Nb4 Kc8 71. Nd5 Be2 {Game drawn by mutual
agreement} 1/2-1/2

[Event "Team 45 45 League T44"]
[Site "Internet Chess Club"]
[Date "2010.02.25"]
[Round "4"]
[White "TerryMalloy"]
[Black "chess9793"]
[Result "1-0"]
[WhiteElo "2084"]
[BlackElo "1975"]
[Opening "Queen's pawn game"]
[ECO "A45"]
[Time "20:10:40"]
[TimeControl "2700+45"]

1. d4 Nf6 2. Nc3 e6 3. e4 d6 4. Nf3 Be7 5. Be2 O-O 6. O-O Nbd7 7. h3 e5 8. Be3
exd4 9. Qxd4 Nc5 10. Rad1 Ne6 11. Qd3 Nd7 12. Nd5 Nec5 13. Qd4 Nf6 14. Nxf6+
Bxf6 15. e5 Ne6 16. Qc3 Be7 17. Rd2 d5 18. Rfd1 c6 19. Qb3 Qc7 20. c4 dxc4 21.
Bxc4 b5 22. Be2 Nc5 23. Qc2 Ne6 24. Rc1 Bb7 25. Bxb5 Qa5 26. Bc4 Rad8 27. Rcd1
c5 28. Rxd8 Rxd8 29. Rxd8+ Qxd8 30. Qb3 Bxf3 31. Bxe6 Qd1+ 32. Qxd1 Bxd1 33. Bd5
Be2 34. f4 Kf8 35. Kf2 Bb5 36. g4 a5 37. Kf3 f6 38. e6 Bd6 39. f5 Ke7 40. h4 h6
41. g5 hxg5 42. hxg5 a4 43. Bf4 Bd3 44. gxf6+ gxf6 45. Bxd6+ Kxd6 46. Be4 Bc4
47. a3 Bb5 48. Kf4 Be8 49. Bf3 Bb5 50. Ke4 Bc6+ 51. Ke3 Bb5 52. Be4 Ke5 53. Bc2
Bc6 54. Kd2 Kd4 55. b3 axb3 56. Bxb3 c4 57. Bc2 c3+ 58. Ke2 Bb5+ 59. Kf3 Bc6+
60. Kf4 Be8 61. a4 Bc6 62. Bb3 Be8 63. Kg4 Ke5 64. Bc2 Kd5 65. Kf4 Kd4 66. Bb3
Bc6 67. Bd1 Be8 68. a5 Kc5 69. Ke4 Bb5 70. Bc2 Bc4 71. Bd3 Kb4 72. e7 Bb5 73. a6
Kb3 74. a7 Bxd3+ 75. Kxd3 c2 76. e8=Q c1=Q 77. Qb5+ Ka2 78. a8=Q+ {Black
resigns} 1-0

[Event "Team 45 45 League T44"]
[Site "Internet Chess Club"]
[Date "2010.02.27"]
[Round "4"]
[White "parrot9"]
[Black "Rookmaster"]
[Result "1-0"]
[WhiteElo "1743"]
[BlackElo "1747"]
[Opening "Ruy Lopez: closed, 7...O-O"]
[ECO "C88"]
[Time "09:58:57"]
[TimeControl "2700+45"]

1. e4 e5 2. Nf3 Nc6 3. Bb5 a6 4. Ba4 Nf6 5. O-O Be7 6. Re1 b5 7. Bb3 O-O 8. h3
Bb7 9. c3 d5 10. exd5 Nxd5 11. Nxe5 Nxe5 12. Rxe5 Bd6 13. Bxd5 Bxd5 14. Rxd5
Bh2+ 15. Kxh2 Qxd5 16. d4 Rae8 17. Be3 Re6 18. Nd2 Rfe8 19. Nf3 h6 20. a4 g5 21.
Ne5 c5 22. axb5 axb5 23. Qh5 R8e7 24. h4 Rxe5 25. dxe5 Qxe5+ 26. Kg1 Re6 27.
Ra8+ Kg7 28. hxg5 Rg6 {Black resigns} 1-0

[Event "Team 45 45 League T44"]
[Site "Internet Chess Club"]
[Date "2010.02.27"]
[Round "4"]
[White "Timotheous"]
[Black "Invicta-Knight"]
[Result "0-1"]
[WhiteElo "1647"]
[BlackElo "1571"]
[Opening "English opening"]
[ECO "A05"]
[Time "15:15:01"]
[TimeControl "2700+45"]

1. Nf3 Nf6 2. c4 g6 3. b4 c5 4. bxc5 Bg7 5. Bb2 O-O 6. g3 Qa5 7. Bg2 Qxc5 8. Qc2
Nc6 9. O-O Rb8 10. d4 Qb6 11. Nbd2 d6 12. Qb3 Qc7 13. Rfc1 Be6 14. d5 Na5 15.
Qa4 Bd7 16. Qc2 Rfc8 17. Rab1 Nxd5 18. Bxg7 Kxg7 19. Qb2+ Nf6 20. Ne4 Bf5 21.
Nxf6 exf6 22. Ra1 Nxc4 23. Qd4 b5 24. e4 Be6 25. a4 b4 26. Bf1 Qb6 27. Bxc4 Qxd4
28. Nxd4 Bxc4 29. a5 Bd3 30. Rxc8 Rxc8 31. f3 a6 32. Ra4 Rc4 33. Nb3 Bc2 34. Nd2
Rd4 {White resigns} 0-1

[Event "Team 45 45 League T44"]
[Site "Internet Chess Club"]
[Date "2010.03.02"]
[Round "4"]
[White "dscvdchk"]
[Black "John3v16"]
[Result "0-1"]
[WhiteElo "1556"]
[BlackElo "1647"]
[Opening "King's Indian: 6.Be2"]
[ECO "E91"]
[Time "14:00:23"]
[TimeControl "2700+45"]

1. d4 Nf6 2. c4 g6 3. Nc3 Bg7 4. Nf3 O-O 5. e4 d6 6. Be2 c5 7. d5 Nbd7 8. O-O
Ng4 9. h3 Nge5 10. Ne1 Nb6 11. Qb3 f5 12. f4 Nf7 13. Be3 Nh6 14. Rc1 fxe4 15.
Nxe4 Nf5 16. Bf2 Nd4 17. Bxd4 Bxd4+ 18. Kh2 e5 19. dxe6 Bxe6 20. Ng5 Bd7 21. Qa3
Qe7 22. Bd3 Be3 23. Rc2 Bxf4+ 24. Rxf4 Rxf4 25. Ngf3 Bc6 26. Re2 Qf6 27. b4 Nxc4
28. Qc1 Ne5 29. Nxe5 dxe5 30. Qxc5 Rf8 31. Bc4+ Kg7 32. b5 Be4 33. Qe3 Bf5 34.
Bb3 Re4 35. Qd2 Rxe2 36. Qxe2 Be6 37. Bxe6 Qxe6 38. Nd3 e4 39. Qb2+ Qf6 40.
Qxf6+ Rxf6 41. Nc5 e3 42. Nd3 Rf1 43. g4 e2 44. Kg2 e1=Q 45. Nxe1 Rxe1 {White
resigns} 0-1

[Event "Team 45 45 League T44"]
[Site "Internet Chess Club"]
[Date "2010.02.26"]
[Round "4"]
[White "Fisherman77"]
[Black "stputte"]
[Result "1-0"]
[WhiteElo "1361"]
[BlackElo "1408"]
[Opening "Benoni defense"]
[ECO "A61"]
[Time "09:00:18"]
[TimeControl "2700+45"]

1. d4 Nf6 2. c4 c5 3. d5 e6 4. Nc3 exd5 5. cxd5 d6 6. Bg5 Be7 7. Nf3 O-O 8. Qc2
Bg4 9. h3 Bxf3 10. gxf3 Nxd5 11. Bxe7 Nxe7 12. e4 Nbc6 13. O-O-O Nd4 14. Qd3 Qc7
15. f4 a6 16. Bg2 Rab8 17. Ne2 Nxe2+ 18. Qxe2 b5 19. Kb1 Ng6 20. Qe3 a5 21. f5
Ne7 22. f6 gxf6 23. Qh6 Ng6 24. h4 Kh8 25. h5 Rg8 26. hxg6 Rxg6 27. Qxh7# {Black
checkmated} 1-0

[Event "Team 45 45 League T44"]
[Site "Internet Chess Club"]
[Date "2010.02.26"]
[Round "4"]
[White "cknights"]
[Black "Magagna"]
[Result "1-0"]
[WhiteElo "1839"]
[BlackElo "1838"]
[Opening "Nimzo-Indian: 4.e3 c5"]
[ECO "E41"]
[Time "21:16:00"]
[TimeControl "2700+45"]

1. d4 Nf6 2. c4 e6 3. Nc3 Bb4 4. e3 c5 5. Bd3 b6 6. Nf3 Nc6 7. O-O Bxc3 8. bxc3
O-O 9. Ba3 d6 10. Bc2 Ba6 11. Qd3 Na5 12. Bb3 d5 13. Nd2 Re8 14. dxc5 Qc8 15.
Qd4 e5 16. Qh4 Rd8 17. Rfd1 dxc4 18. Nxc4 Bxc4 19. Bxc4 Qg4 20. Qxg4 Nxg4 21.
Be2 Nf6 22. cxb6 axb6 23. Be7 Rxd1+ 24. Rxd1 Ne4 25. Bb4 Rc8 26. Ba6 Re8 27. f3
Nf6 28. Bb5 Ra8 29. Rd6 Rb8 30. c4 h6 31. Bxa5 bxa5 32. Ra6 Ne8 33. Bxe8 Rxe8
34. Rxa5 Rc8 35. Ra4 Kf8 36. Kf2 Ke7 37. Ke2 Kd6 38. Kd3 f5 39. Kc3 Rb8 40. Rb4
Rg8 41. a4 g5 42. a5 g4 43. a6 gxf3 44. gxf3 Kc6 45. a7 Ra8 46. Ra4 h5 47. h4 f4
48. e4 Kc5 49. Ra5+ Kb6 50. Kb4 Kc6 51. c5 Kd7 52. Kb5 Kc7 53. c6 Rd8 54. a8=Q
Rb8+ 55. Qxb8+ Kxb8 56. Kb6 {Black resigns} 1-0

[Event "Team 45 45 League T44"]
[Site "Internet Chess Club"]
[Date "2010.03.01"]
[Round "4"]
[White "batttoman"]
[Black "achessfool"]
[Result "0-1"]
[WhiteElo "1436"]
[BlackElo "1552"]
[Opening "French defense, Steiner variation"]
[ECO "A13"]
[Time "19:00:10"]
[TimeControl "2700+45"]

1. c4 e6 2. e4 d5 3. cxd5 exd5 4. exd5 Qxd5 5. Nc3 Qe6+ 6. Qe2 Nf6 7. Nf3 Be7 8.
Qxe6 Bxe6 9. d4 O-O 10. Be3 Bb4 11. Bd3 Re8 12. O-O Nbd7 13. a3 Bd6 14. Nb5 a5
15. Nxd6 cxd6 16. Bb5 Red8 17. Rac1 Rac8 18. Bg5 h6 19. Bxd7 Rxc1 20. Bxf6 Rxf1+
21. Kxf1 Rxd7 {White resigns} 0-1

[Event "Team 45 45 League T44"]
[Site "Internet Chess Club"]
[Date "2010.03.01"]
[Round "4"]
[White "BishopMike"]
[Black "EminenceFront"]
[Result "0-1"]
[WhiteElo "1486"]
[BlackElo "1402"]
[Opening "Sicilian defense"]
[ECO "B32"]
[Time "14:55:06"]
[TimeControl "2700+45"]

1. e4 c5 2. Nf3 Nc6 3. d4 cxd4 4. Nxd4 Qa5+ 5. Nc3 g6 6. Nxc6 bxc6 7. Bd2 Nf6 8.
Nd5 Qc5 9. Nc7+ Kd8 10. Nxa8 Nxe4 11. Qe2 d5 12. O-O-O Bg7 13. Ba5+ Qxa5 14.
Qxe4 Qxa2 15. c3 Qa1+ 16. Qb1 Bh6+ 17. Kc2 Bf5+ 18. Bd3 Qa4+ 19. b3 Qf4 20. Rhf1
c5 21. Bxf5 Qxf5+ 22. Kb2 Qe5 23. Qa1 Qe2+ 24. Ka3 Qa6+ 25. Kb2 Qe2+ 26. Kb1
Qe4+ 27. Ka2 Qe2+ 28. Qb2 Qa6+ 29. Kb1 Qb7 30. c4 d4 31. Rxd4+ Ke8 32. Rd8+ Kxd8
33. Qxh8+ Kd7 34. Rd1+ Kc6 35. Qd8 Qxb3+ 36. Ka1 Bg7+ 37. Rd4 Bxd4+ 38. Qxd4
cxd4 {White resigns} 0-1